 Dungeon Crawl Stone Soup version 0.23-a0-407-g92528d7 (webtiles) character file.

70270 XanderDroid the Peltast (level 15, -36/97 HPs)
             Began as a Gargoyle Fighter on Nov 5, 2018.
             Was a High Priest of Okawaru.
             Annihilated by an enormous slime creature (64 damage)
             ... summoned by an orange crystal statue
             ... on level 12 of the Dungeon on Nov 7, 2018.
             The game lasted 02:43:18 (24782 turns).

XanderDroid the Peltast (Gargoyle Fighter)         Turns: 24782, Time: 02:43:20

Health: -36/97     AC: 36    Str: 30      XL:     15   Next: 32%
Magic:  3/21       EV: 12    Int:  4 (8)  God:    Okawaru [*****.]
Gold:   767        SH: 15    Dex: 10      Spells: 14/14 levels left

rFire    . . .     SeeInvis +   a - +10 spear "Fiulepath" {venom, +Inv rElec Stlth+}
rCold    + . .     Gourm    .   b - +1 shield {reflect}
rNeg     + . .     Faith    .   K - +2 plate armour {MR+}
rPois    ∞         Spirit   .   o - +0 helmet
rElec    +         Reflect  +   O - +1 cloak {rPois}
rCorr    .         Harm     .   n - +0 pair of gloves
MR       ++...                  M - +0 pair of boots
Stlth    ..........             H - amulet of regeneration
HPRegen  0.66/turn              T - ring "Raopnups" {rC+ Str+4 SInv}
MPRegen  0.17/turn              r - +3 ring of evasion

@: no status effects
A: big wings, negative energy resistance 1, electricity resistance, unbreathing,
petrification resistance, rot immunity, AC +11
a: Fly, Heroism, Finesse, Renounce Religion, Evoke Invisibility


You were on level 12 of the Dungeon.
You worshipped Okawaru.
Okawaru was extremely pleased with you.
You were not hungry.

You visited 4 branches of the dungeon, and saw 21 of its levels.

You collected 2583 gold pieces.
You spent 1816 gold pieces at shops.

Inventory:

Hand Weapons
 a - the +10 spear "Fiulepath" (weapon) {venom, +Inv rElec Stlth+}
   (You found it on level 5 of the Dungeon)

   It poisons the flesh of those it strikes.
   It insulates you from electricity.
   It lets you turn invisible.
   It makes you more stealthy.
Missiles
 D - 5 throwing nets (quivered)
Armour
 b - a +1 shield of reflection (worn)
 n - a +0 pair of gloves (worn)
 o - a +0 helmet (worn)
 K - a +2 plate armour of magic resistance (worn)
 M - a +0 pair of boots (worn)
 O - a +1 cloak of poison resistance (worn)
Jewellery
 p - an uncursed ring of fire {unknown}
 r - a +3 ring of evasion (right hand)
 H - an amulet of regeneration (around neck)
 T - the ring "Raopnups" (left hand) {rC+ Str+4 SInv}
   (You found it on level 5 of the Lair of Beasts)

   [ring of see invisible]

   It affects your strength (+4).
   It protects you from cold.
   It lets you see invisible.
 X - an uncursed amulet of harm {unknown}
Wands
 i - a wand of flame (15)
 u - a wand of paralysis (15)
 y - a wand of disintegration (23)
 G - a wand of digging (16)
 L - a wand of clouds (9)
 P - a wand of iceblast (29)
Scrolls
 e - 3 scrolls of immolation
 h - 9 scrolls of remove curse
 j - 6 scrolls of magic mapping
 k - 5 scrolls of blinking
 m - 6 scrolls of enchant weapon
 t - 7 scrolls of amnesia
 v - 10 scrolls of teleportation
 z - a scroll of brand weapon
 A - 2 scrolls of fear
 B - 2 scrolls of fog
 C - a scroll of torment {unknown}
 F - 5 scrolls of enchant armour
 Q - 2 scrolls of random uselessness
 R - a scroll of vulnerability {unknown}
 S - 3 scrolls of summoning
 U - 2 scrolls of acquirement
 W - a scroll of identify
Potions
 d - 2 potions of might
 g - 8 potions of haste
 l - 6 potions of flight
 q - 9 potions of curing
 s - 7 potions of heal wounds
 w - 2 potions of ambrosia
 x - 7 potions of brilliance
 E - 3 potions of lignification
 I - 2 potions of agility
 J - 2 potions of magic
 N - 3 potions of invisibility
 V - 2 potions of mutation
Comestibles
 f - 44 rations


   Skills:
 + Level 12.9 Fighting
   Level 5.0 Maces & Flails
 - Level 12.0 Polearms
 + Level 13.0 Armour
 + Level 2.2 Dodging
 - Level 15.0 Shields
 * Level 8.4 Invocations


You had 14 spell levels left.
You didn't know any spells.
Your spell library contained the following spells:

 Spells                   Type           Power        Failure   Level  Hunger
 Animate Skeleton         Necr           N/A          98%         1    ##.....
 Apportation              Tloc           #.....       98%         1    ##.....
 Beastly Appendage        Tmut           #.....       98%         1    ##.....
 Confusing Touch          Hex            #.....       98%         1    ##.....
 Freeze                   Ice            #...         98%         1    ##.....
 Magic Dart               Conj           #...         98%         1    ##.....
 Sandblast                Erth           #.....       98%         1    ##.....
 Sting                    Conj/Pois      #...         98%         1    ##.....
 Summon Small Mammal      Summ           #...         98%         1    ##.....
 Passwall                 Tmut/Erth      #.......     99%         2    ###....
 Poisonous Vapours        Pois/Air       #.....       99%         2    ###....
 Searing Ray              Conj           #.....       99%         2    ###....
 Sticks to Snakes         Tmut           #.......     99%         2    ###....
 Throw Frost              Conj/Ice       #.....       99%         2    ###....
 Conjure Flame            Conj/Fire      #.......     100%        3    ####...
 Dazzling Spray           Conj/Hex       #.....       100%        3    ####...
 Mephitic Cloud           Conj/Pois/Air  #.......     100%        3    ####...
 Ozocubu's Armour         Chrm/Ice       #.......     100%        3    ####...
 Spider Form              Tmut/Pois      #.........   100%        3    ####...
 Stone Arrow              Conj/Erth      #.....       100%        3    ####...
 Cause Fear               Hex            #.........   100%        4    #####..
 Force Lance              Conj/Tloc      #.......     100%        4    #####..
 Fulminant Prism          Conj/Hex       #.........   100%        4    #####..
 Ice Form                 Ice/Tmut       #.......     100%        4    #####..
 Iskenderun's Mystic Bla  Conj           #.......     100%        4    #####..
 Olgreb's Toxic Radiance  Pois           #.......     100%        4    #####..
 Petrify                  Tmut/Erth      #.......     100%        4    #####..
 Summon Ice Beast         Ice/Summ       #.......     100%        4    #####..
 Throw Icicle             Conj/Ice       #.......     100%        4    #####..
 Blade Hands              Tmut           #.........   100%        5    ######.
 Lee's Rapid Deconstruct  Erth           #.........   100%        5    ######.
 Silence                  Hex/Air        #.........   100%        5    ######.
 Venom Bolt               Conj/Pois      #.........   100%        5    ######.
 Yara's Violent Unravell  Hex/Tmut       #.........   100%        5    ######.
 Deflect Missiles         Chrm/Air       #.........   100%        6    #######
 Freezing Cloud           Conj/Ice/Air   #.........   100%        6    #######
 Ring of Flames           Chrm/Fire      #.........   100%        7    #######
 Discord                  Hex            #.........   100%        8    #######


Dungeon Overview and Level Annotations

Branches:
Dungeon (12/15)            Temple (1/1) D:5            Lair (6/6) D:10
  Swamp (0/4) Lair:3       Spider (0/4) Lair:2        Slime (0/5) Lair:6
    Orc (2/2) D:9             Elf (0/3) Orc:2

Altars:
Ashenzari
Cheibriados
Dithmenos
Elyvilon
Fedhas
Gozag
Hepliaklqana
Kikubaaqudgha
Makhleb
Nemelex Xobeh
Okawaru
Qazlal
Ru
Sif Muna
Trog
Uskayaw
Vehumet
Wu Jian
Xom
Yredelemnul
Zin
The Shining One
Beogh
Jiyva

Shops:
D:7 ?   D:8 [   Orc:2 =(*:[!:

Annotations:
D:12 exclusion: orange crystal statue
Lair:4 3 runed doors, Appuhyh's ghost, journeyman NaWz


Innate Abilities, Weirdness & Mutations

You are resistant to torment.
Your stone body is resilient. (AC +11)
You are immune to poison.
Your large and strong wings let you fly indefinitely.
You resist negative energy. (rN+)
You are resistant to electric shocks. (rElec)
You can survive without breathing.
You are immune to petrification.
You are immune to rotting.


Message History

You feel less confused.
The orc splashes around in the water.
The orc hits you but does no damage. x2
The slime creature closely misses you. You block the wight's attack.
The enormous slime creature hits you but does no damage.
Attack whom?
Press: ? - help, Dir - move target cursor, f/p - orange crystal statue
Aim: an orange crystal statue (severely damaged)
You hit the orange crystal statue but do no damage.
The orange crystal statue is severely damaged.
The orc barely misses you.
Attack whom?
Press: ? - help, Dir - move target cursor, f/p - orange crystal statue
Aim: an orange crystal statue (severely damaged)
You impale the orange crystal statue!!
The orange crystal statue is almost destroyed.
The orc hits you but does no damage. The orc barely misses you.
The slime creature hits you but does no damage.
The enormous slime creature hits you!!!
Ouch! That really hurt!
You die...

###### #####
#....###=zo##
#.........J@#
#....###[[Jo8#
#....# #≈≈≈o.#
##...)#
##≈≈≈≈≈##
#.....#
##≈≈≈≈≈#
#.....#
###≈≈≈##
#[....# #≈≈≈#
#..[..# #≈≈≈##
#.....# #≈≈≈#


You could see an orange crystal statue, an enormous slime creature, a slime
creature, a wight and 3 orcs.

Vanquished Creatures
  An orc warlord (D:9)
  Snorg (Orc:2)
  2 fire dragons (Lair:6)
  3 hydras
  Harold (D:9)
  Fannar (Lair:2)
  A catoblepas (Lair:4)
  3 two-headed ogres
  2 tengu warriors
  2 orc high priests
  Urug (Orc:1)
  Nergalle (Orc:1)
  Sonja (Orc:1)
  2 unseen horrors (D:11)
  A swamp dragon (Lair:6)
  A lindwurm (Lair:6)
  5 orc knights
  2 ugly things
  5 orc sorcerers
  A deep elf mage (D:11)
  A cyclops (D:11)
  6 centaur zombies
  Maurice (D:8)
  3 elephants (Lair:5)
  2 black mambas
  6 torpor snails (Lair:6)
  8 spiny frogs
  3 rime drakes
  A freezing wraith (D:10)
  10 komodo dragons
  An efreet (D:11)
  A tengu conjurer (D:12)
  2 hellwings (D:6)
  8 hornets
  A polar bear (Lair:3)
  4 tyrant leeches (Lair:6)
  6 trolls
  2 bog bodies (Lair:3)
  18 blink frogs
  4 dream sheep
  3 slime creatures (D:12)
  Grinder (D:6)
  11 hippogriffs
  2 shadows (D:11)
  2 wyverns
  45 yaks
  Eustachio (D:6)
  2 humans
  4 hogs (D:7)
  3 hungry ghosts
  2 steam dragons (Lair:6)
  3 vampire mosquitoes
  5 basilisks
  Menkaure (D:4)
  4 wargs
  An acid dragon (Lair:6)
  A swamp worm (Lair:3)
  13 water moccasins
  2 swamp drakes (Lair:6)
  31 orc warriors
  3 black bears
  6 porcupines
  6 sky beasts
  A necrophage (D:11)
  3 ice beasts
  8 centaurs
  9 wolves
  9 ogres
  11 crocodiles
  Blork the orc (D:5)
  12 bullfrogs
  3 big kobolds
  3 wyvern zombies
  2 wyvern skeletons
  4 scorpions
  A water moccasin skeleton (D:10)
  7 killer bees
  13 wights (D:12)
  3 electric eels
  3 howler monkeys (D:8)
  5 crimson imps
  2 bullfrog zombies (D:6)
  16 jellies
  2 gnoll shamans
  14 orc priests
  10 hounds
  24 orc wizards
  Crazy Yiuf (D:6)
  3 bullfrog skeletons
  5 centaur skeletons
  6 iguanas
  6 worker ants
  A hound zombie (D:5)
  2 hound skeletons
  3 worker ant zombies
  21 gnolls
  7 adders
  6 shadow imps
  3 oozes
  An adder zombie (D:8)
  2 adder skeletons
  3 worms
  2 dart slugs
  12 leopard geckos
  72 orcs
  2 ball pythons (D:3)
  8 bats
  5 giant cockroaches
  8 goblins
  14 hobgoblins
  5 jackals (D:4)
  9 quokkas
  4 frilled lizards
  19 kobolds
  A leopard gecko zombie (D:7)
  10 rats
  2 fungi
  11 plants
697 creatures vanquished.

Vanquished Creatures (others)
  A shadow (D:11)
  6 fungi (Orc:2)
  18 plants
25 creatures vanquished.

Grand Total: 722 creatures vanquished

Notes
Turn   | Place    | Note
-------+----------+-------------------------------------------
     0 | D:1      | XanderDroid the Gargoyle Fighter began the quest for the
                  | Orb.
     0 | D:1      | Reached XP level 1. HP: 14/14 MP: 1/1
    55 | D:1      | Reached XP level 2. HP: 15/19 MP: 2/2
   631 | D:1      | Upgraded the game from 0.23-a0-404-g0063841 to
                  | 0.23-a0-405-g368ce00
   693 | D:2      | Reached XP level 3. HP: 23/23 MP: 3/3
  1180 | D:2      | Reached XP level 4. HP: 29/29 MP: 4/4
  1223 | D:2      | Found a burning altar of Makhleb.
  1266 | D:2      | Found an opulent altar of Gozag.
  1464 | D:2      | Found a glowing silver altar of Zin.
  1471 | D:2      | Noticed an Executioner
  1474 | D:2      | Noticed an angel
  2071 | D:3      | Reached skill level 4 in Shields
  2071 | D:3      | Reached XP level 5. HP: 33/33 MP: 5/5
  2627 | D:4      | Reached XP level 6. HP: 39/39 MP: 6/6
  2732 | D:4      | Noticed Menkaure
  2740 | D:4      | Killed Menkaure
  3149 | D:4      | Reached XP level 7. HP: 36/44 MP: 7/7
  3455 | D:5      | Entered Level 5 of the Dungeon
  3521 | D:5      | Got an encrusted chain mail
  3532 | D:5      | Identified the +5 chain mail of the Original Sin {MP-9
                  | Int+5} (You found it on level 5 of the Dungeon)
  3532 | D:5      | Found an iron altar of Okawaru.
  3566 | D:5      | Reached skill level 5 in Maces & Flails
  3611 | D:5      | Got a warped spear
  3612 | D:5      | Identified the +10 spear "Fiulepath" {venom, +Inv rElec
                  | Stlth+} (You found it on level 5 of the Dungeon)
  3687 | D:5      | Noticed Blork the orc
  3750 | D:5      | Found a white marble altar of Elyvilon.
  3757 | D:5      | Reached skill level 1 in Polearms
  3757 | D:5      | Reached skill level 5 in Shields
  3758 | D:5      | Found a deep blue altar of Sif Muna.
  3758 | D:5      | Found a radiant altar of Vehumet.
  3759 | D:5      | Found a shadowy altar of Dithmenos.
  3759 | D:5      | Found a glowing golden altar of the Shining One.
  3763 | D:5      | Found a bloodstained altar of Trog.
  3767 | D:5      | Reached skill level 5 in Fighting
  3767 | D:5      | Reached skill level 5 in Armour
  3929 | D:5      | Killed Blork the orc
  3987 | D:5      | Became a worshipper of Warmaster Okawaru
  4373 | D:5      | Found a hazy altar of Hepliaklqana.
  4398 | D:5      | Found a staircase to the Ecumenical Temple.
  4410 | Temple   | Entered the Ecumenical Temple
  4839 | D:6      | Found a stormy altar of Qazlal.
  4861 | D:6      | Noticed Eustachio
  4870 | D:6      | Killed Eustachio
  4870 | D:6      | Reached skill level 1 in Invocations
  4870 | D:6      | Reached XP level 8. HP: 45/49 MP: 8/8
  4952 | D:6      | Reached * piety under Okawaru
  5179 | D:6      | Noticed Grinder
  5192 | D:6      | Killed Grinder
  5192 | D:6      | Reached skill level 6 in Shields
  5547 | D:6      | Found a runed door.
  5562 | D:6      | Noticed Crazy Yiuf
  5564 | D:6      | Killed Crazy Yiuf
  5564 | D:6      | Reached XP level 9. HP: 55/55 MP: 11/11
  5691 | D:6      | Found an ancient bone altar of Kikubaaqudgha.
  5692 | D:6      | Found an opulent altar of Gozag.
  5822 | D:7      | Reached ** piety under Okawaru
  5890 | D:7      | Noticed a hellwing
  5921 | D:7      | Reached skill level 5 in Polearms
  5945 | D:6      | Killed a hellwing
  5963 | D:7      | Reached skill level 7 in Shields
  5993 | D:7      | Reached *** piety under Okawaru
  5995 | D:7      | Reached XP level 10. HP: 32/63 MP: 12/12
  6411 | D:7      | Reached **** piety under Okawaru
  6433 | D:7      | Reached skill level 8 in Shields
  6651 | D:7      | Found Welerret's Magic Scroll Shoppe.
  6659 | D:7      | Bought a scroll of enchant armour for 120 gold pieces
  6659 | D:7      | Bought a scroll of enchant armour for 120 gold pieces
  7000 | D:8      | Noticed a two-headed ogre
  7016 | D:8      | Killed a two-headed ogre
  7016 | D:8      | Received a gift from Okawaru
  7151 | D:8      | Reached XP level 11. HP: 69/69 MP: 13/13
  7538 | D:8      | Reached ***** piety under Okawaru
  7616 | D:8      | Found Cetorion's Armour Shoppe.
  7721 | D:8      | Noticed Maurice
  7732 | D:8      | Killed Maurice
  8036 | D:9      | Found a bloodstained altar of Trog.
  8081 | D:9      | Reached skill level 9 in Shields
  8140 | D:9      | Received a gift from Okawaru
  8534 | D:9      | Found a staircase to the Orcish Mines.
  8701 | D:9      | Noticed Harold
  8717 | D:9      | Killed Harold
  9222 | D:10     | Entered Level 10 of the Dungeon
  9833 | D:7      | Bought a scroll of identify for 32 gold pieces
  9833 | D:7      | Bought a scroll of identify for 32 gold pieces
  9833 | D:7      | Bought a scroll of identify for 32 gold pieces
  9833 | D:7      | Bought a scroll of identify for 32 gold pieces
  9849 | D:7      | Bought a scroll of enchant weapon for 120 gold pieces
  9997 | D:10     | Found a staircase to the Lair.
 10217 | D:11     | Noticed an unseen horror
 10581 | D:11     | Noticed a tengu warrior
 10603 | D:11     | Killed a tengu warrior
 10646 | D:11     | Noticed an unseen horror
 10654 | D:11     | Reached XP level 12. HP: 64/76 MP: 15/15
 10669 | D:11     | Reached skill level 10 in Shields
 10891 | D:11     | HP: 1/77 [cyclops (14)]
 10894 | D:11     | Reached skill level 10 in Polearms
 11315 | D:11     | Reached ****** piety under Okawaru
 11315 | D:11     | Reached skill level 5 in Invocations
 11865 | D:11     | Reached skill level 10 in Armour
 12007 | Lair:1   | Entered Level 1 of the Lair of Beasts
 12042 | Lair:1   | Reached skill level 10 in Fighting
 12244 | Lair:1   | Received a gift from Okawaru
 12850 | Lair:2   | Found a hole to the Spider Nest.
 12975 | Lair:2   | Reached skill level 11 in Shields
 13059 | Lair:2   | Noticed a six-headed hydra
 13069 | Lair:2   | Killed a six-headed hydra
 13396 | Lair:2   | Noticed Fannar
 13423 | Lair:2   | Killed Fannar
 13904 | Lair:3   | Noticed a seven-headed hydra
 13914 | Lair:3   | Killed a seven-headed hydra
 13914 | Lair:3   | Reached XP level 13. HP: 73/83 MP: 13/16
 14100 | Lair:3   | Got an iridescent trident
 14209 | Lair:3   | Identified the +3 trident of the Dove {freeze, rF+++ Dex-3}
                  | (You found it on level 3 of the Lair of Beasts)
 14587 | Lair:3   | Found a staircase to the Swamp.
 14914 | Lair:3   | Reached skill level 12 in Shields
 15226 | Lair:4   | Found a runed gate.
 15228 | Lair:4   | Found a runed gate.
 15228 | Lair:4   | Found a runed gate.
 15230 | Lair:4   | Noticed Appuhyh's ghost (journeyman NaWz)
 15565 | Lair:4   | Received a gift from Okawaru
 15896 | Lair:4   | Found a viscous altar of Jiyva.
 16037 | Lair:5   | Got a warped steel ring
 16046 | Lair:5   | Identified the ring "Raopnups" {rC+ Str+4 SInv} (You found
                  | it on level 5 of the Lair of Beasts)
 16909 | Lair:6   | Entered Level 6 of the Lair of Beasts
 17011 | Lair:6   | Got a smoking lapis lazuli ring
 17044 | Lair:6   | Identified the cursed ring "Wut Ame" {rPois rC+ AC-3} (You
                  | found it on level 6 of the Lair of Beasts)
 17181 | Lair:6   | Reached skill level 13 in Shields
 17409 | Lair:6   | Gained mutation: Your large and strong wings let you fly
                  | indefinitely. [Gargoyle growth]
 17409 | Lair:6   | Reached XP level 14. HP: 77/90 MP: 18/18
 17456 | Lair:6   | Found a staircase to the Slime Pits.
 17730 | Lair:6   | Identified 2 scrolls of acquirement
 18048 | Lair:6   | Received a gift from Okawaru
 18096 | Lair:6   | Found a runed door.
 19097 | Lair:6   | Got a dazzling flail
 19099 | Lair:6   | Identified the +7 flail of the Shining Light {flame, Int+4
                  | SInv Stlth+} (You found it on level 6 of the Lair of
                  | Beasts)
 19267 | Lair:6   | Reached skill level 14 in Shields
 19838 | D:7      | Bought 2 scrolls of amnesia for 112 gold pieces
 19838 | D:7      | Bought a scroll of summoning for 152 gold pieces
 19905 | Orc:1    | Entered Level 1 of the Orcish Mines
 19911 | Orc:1    | Found a bloodstained altar of Trog.
 19917 | Orc:1    | Noticed Sonja
 20132 | Orc:1    | Killed Sonja
 20487 | Orc:1    | Noticed Urug
 20510 | Orc:1    | Killed Urug
 20710 | Orc:1    | Found a roughly hewn altar of Beogh.
 21083 | Orc:1    | Noticed Nergalle
 21113 | Orc:1    | Killed Nergalle
 21320 | Orc:1    | Upgraded the game from 0.23-a0-405-g368ce00 to
                  | 0.23-a0-407-g92528d7
 21323 | Orc:2    | Entered Level 2 of the Orcish Mines
 21323 | Orc:2    | Found Esomom's Antique Weapon Boutique.
 21323 | Orc:2    | Noticed an orc warlord
 21375 | D:9      | Killed an orc warlord
 21375 | D:9      | Received a gift from Okawaru
 21525 | Orc:2    | Found Woemuibb's Book Boutique.
 21788 | Orc:2    | Found Qoej's Book Shop.
 21834 | Orc:2    | Found Nostreqo's Distillery.
 21848 | Orc:2    | Bought a potion of cancellation for 96 gold pieces
 21848 | Orc:2    | Bought a potion of curing for 36 gold pieces
 21900 | Orc:2    | Noticed Snorg
 21928 | Orc:2    | Killed Snorg
 22307 | Orc:2    | Found Xabar's Antique Armour Emporium.
 22350 | Orc:2    | Reached skill level 15 in Shields
 22350 | Orc:2    | Reached XP level 15. HP: 97/97 MP: 20/20
 22369 | Orc:2    | Bought a glowing cloak for 172 gold pieces
 22427 | Orc:2    | Found a staircase to the Elven Halls.
 22673 | Orc:2    | Found Ropt's Jewellery Emporium.
 22704 | Orc:2    | Bought an uncursed amulet of regeneration for 480 gold
                  | pieces
 22970 | Orc:2    | Found Lemux's General Store.
 23001 | Orc:2    | Bought a scroll of brand weapon for 280 gold pieces
 23234 | D:11     | Reached skill level 1 in Dodging
 23955 | D:12     | Received a gift from Okawaru
 24168 | D:12     | Found a bloodstained altar of Trog.
 24782 | D:12     | Annihilated by an enormous slime creature

Vault maps used:
D:1:      minmay_arrival_diagonal_passages, corexii_corridor_pit,
          minmay_misc_feat_secret_circle
D:2:      grunt_temple_overflow_order_and_chaos_2, chequers_big_river,
          kennysheep_nub, nicolae_gozag_cash_rules_everything_around_me
D:3:      fountainhead
D:4:      st_stairs_14, uniq_menkaure
D:5:      kennysheep_mini, grunt_temple_overflow_open,
          kennysheep_okawaru_gauntlet, temple_hall, first_ration,
          uniq_blork_the_orc
D:6:      lemuel_doored_altar, gammafunk_temple_overflow_statue,
          chequers_serial_rivers_small_b, uniq_grinder, uniq_eustachio,
          uniq_crazy_yiuf_cottage
D:7:      cheibrodos_grave_circle, serial_shops, nicolae_shop_behind_doors,
          grunt_livestock, grunt_ministairs_2
D:8:      serial_shops, shop, serial_bayou_pond_a, uniq_maurice
D:9:      kennysheep_housing_project, erik_orc_4, trog_ov_bears_minmay,
          uniq_harold
D:10:     david_lair_shrubbed
D:11:     minmay_the_grid_plus
D:12:     statuecave_lemuel, lemuel_altar_in_water
Temple:   compressed_dpeg_triangle_lava_temple
Lair:2:   dummy_spider_entry, minivault_25, chequers_serial_rivers_room_b,
          serial_bayou_shore_a, uniq_fannar
Lair:3:   nicolae_swamp_entry_splash_gauntlet
Lair:4:   gammafunk_ghost_ooze, st_stairs_6, lemuel_fruit_tree
Lair:5:   small_statue_intersection, bh_autumn_forest_stairs, grunt_megastairs_3
Lair:6:   guppyfry_lair_end_dragon, wormcave, minmay_slime_entry_jelly_boxes
Orc:1:    basic_altar, mines1_david, uniq_nergalle, uniq_urug, uniq_sonja
Orc:2:    grunt_orc_gardens, grunt_orc_garden, grunt_orc_garden,
          grunt_orc_garden, grunt_orc_garden, serial_shops, shop,
          nicolae_shop_trees, shop, nicolae_orc_flooded_monolith, uniq_snorg

Skill      XL: |  1  2  3  4  5  6  7  8  9 10 11 12 13 14 15 |
---------------+----------------------------------------------+-----
Maces & Flails | 3 4 5 |  5.0
Armour         | 4 5 6 7 8 9 10 11 12 13 | 13.0
Fighting       | 4 5 6 7 8 9 10 11 12 | 12.9
Shields        | 4 5 6 7 8 9 11 13 15 | 15.0
Polearms       | 2 4 6 8 9 11 12 | 12.0
Invocations    | 1 2 4 5 7 8 |  8.4
Dodging        | 2 |  2.2

Action                   |  1- 3 |  4- 6 |  7- 9 | 10-12 | 13-15 || total
-------------------------+-------+-------+-------+-------+-------++-------
Melee: Flail             |    93 |   277 |    56 |       |       ||   426
       Spear             |       |       |   236 |   958 |  1868 ||  3062
Invok: Heroism           |       |       |     1 |     3 |     1 ||     5
 Abil: Fly               |       |       |       |       |     1 ||     1
       Stop Flying       |       |       |       |       |     1 ||     1
Evoke: Wand              |       |       |       |       |     1 ||     1
  Use: Scroll            |       |     2 |     4 |    16 |     4 ||    26
       Potion            |       |       |       |     1 |     2 ||     3
 Stab: Distracted        |       |       |       |     1 |       ||     1
       Petrified         |       |       |       |       |     3 ||     3
  Eat: Chunk             |     1 |     7 |     9 |    23 |    27 ||    67
       Ration            |       |       |       |     2 |     3 ||     5
Armor: Scale mail        |    56 |   134 |       |       |       ||   190
       Chain mail        |       |    38 |   158 |       |       ||   196
       Plate armour      |       |       |    86 |   306 |   553 ||   945
Dodge: Dodged            |    35 |   108 |    79 |   120 |   360 ||   702
Block: Shield            |    70 |   163 |   194 |   335 |   966 ||  1728
       Reflection        |       |       |       |     1 |    32 ||    33

Table legend:
 A = Non-vault XP
 B = Vault XP
 C = Vault XP percentage of total XP
 D = Non-vault monster count
 E = Vault monster count
 F = Vault count percentage of total count
                 A         B        C        D         E       F
            +---------+---------+-------+---------+---------+-------
      Total |   59197 |   41189 |  41.0 |     493 |     191 |  27.9
            +---------+---------+-------+---------+---------+-------
        D:1 |      32 |       0 |   0.0 |      11 |       0 |   0.0
        D:2 |      73 |       0 |   0.0 |      24 |       0 |   0.0
        D:3 |     138 |       0 |   0.0 |      38 |       0 |   0.0
        D:4 |     174 |     212 |  54.9 |      12 |       2 |  14.3
        D:5 |     315 |     103 |  24.6 |      17 |       3 |  15.0
        D:6 |     832 |    1171 |  58.5 |      25 |       5 |  16.7
        D:7 |    1069 |    3533 |  76.8 |      24 |      21 |  46.7
        D:8 |    2717 |     485 |  15.1 |      30 |       1 |   3.2
        D:9 |    2901 |    5279 |  64.5 |      43 |      51 |  54.3
       D:10 |     697 |    1043 |  59.9 |      19 |       3 |  13.6
       D:11 |    4382 |    4334 |  49.7 |      23 |      19 |  45.2
       D:12 |    9264 |       0 |   0.0 |      52 |       0 |   0.0
     Lair:1 |    2257 |       0 |   0.0 |      13 |       0 |   0.0
     Lair:2 |    3313 |     991 |  23.0 |      13 |       1 |   7.1
     Lair:3 |    7977 |     744 |   8.5 |      28 |       4 |  12.5
     Lair:4 |    5964 |     336 |   5.3 |      24 |       1 |   4.0
     Lair:5 |    4695 |     525 |  10.1 |      18 |       3 |  14.3
     Lair:6 |    7719 |   12120 |  61.1 |      36 |      48 |  57.1
      Orc:1 |    3192 |    3987 |  55.5 |      27 |       9 |  25.0
      Orc:2 |    1486 |    6326 |  81.0 |      16 |      20 |  55.6
            +---------+---------+-------+---------+---------+-------
